 Dungeon Crawl Stone Soup version 0.30-a0-743-gbfdf073431 (webtiles) character file.

Game seed: 18133582959814771834

30462 bobo the Fighter (level 12, -1/107 HPs)
             Began as a Demigod Earth Elementalist on Feb 7, 2023.
             Slain by Snorg (11 damage)
             ... on level 1 of the Orcish Mines.
             The game lasted 01:15:05 (21743 turns).

bobo the Fighter (Demigod Earth Elementalist)      Turns: 21743, Time: 01:15:06

Health: -1/107     AC: 15    Str: 19    XL:     12   Next: 91%
Magic:  8/37       EV: 12    Int: 29    God:
Gold:   786        SH:  5    Dex: 14    Spells: 7/27 levels left

rFire   . . .      SeeInvis +    f - staff of earth
rCold   . . .      Faith    .    X - +0 buckler
rNeg    . . .      Spirit   .    L - +0 acid dragon scales
rPois   +          Reflect  .    r - +0 helmet
rElec   .          Harm     .    M - +2 cloak {rPois}
rCorr   +          Rampage  .    o - +2 pair of gloves {Str+3}
Will    .....                    y - +0 pair of boots
Stlth   ++                       (no amulet)
HPRegen 0.37/turn                Q - ring of see invisible
MPRegen 0.25/turn                U - ring "Edeostod" {Fly MP+9 Str+3}

@: weak-willed, flying
A: high MP 1, forlorn, divine attributes
a: no special abilities


You were on level 1 of the Orcish Mines.
You visited 3 branches of the dungeon, and saw 16 of its levels.
You also visited: Sewer.

You collected 1310 gold pieces.
You spent 524 gold pieces at shops.

Inventory:

Armour
 o - a +2 pair of gloves of strength (worn)
 r - a +0 helmet (worn)
 y - a +0 pair of boots (worn)
 L - +0 acid dragon scales (worn)
 M - a +2 cloak of poison resistance (worn)
 X - a +0 buckler (worn)
Magical Staves
 a - a staff of poison
 f - a staff of earth (weapon)
Jewellery
 Q - a ring of see invisible (left hand)
 U - the ring "Edeostod" (right hand) {Fly MP+9 Str+3}
   (You found it on level 1 of the Lair of Beasts)

   [ring of magical power]

   Str:       It affects your strength (+3).
   MP:        It affects your magic capacity (+9).
   Fly:       It grants you flight.
 V - an amulet of guardian spirit
Wands
 q - a wand of roots (8)
 w - a wand of quicksilver (5)
 B - a wand of polymorph (6)
 E - a wand of flame (10)
 F - a wand of paralysis (12)
 N - a wand of digging (6)
 O - a wand of mindburst (14)
Scrolls
 c - 4 scrolls of teleportation
 g - 4 scrolls of immolation
 i - 4 scrolls of silence
 p - a scroll of fear
 t - 4 scrolls of poison
 v - a scroll of vulnerability
 x - 5 scrolls of fog
 A - 3 scrolls of brand weapon
 D - 2 scrolls of amnesia
 H - a scroll of blinking
 S - 3 scrolls of noise
 T - 2 scrolls of enchant weapon
Potions
 d - 3 potions of mutation
 e - 7 potions of attraction
 h - 4 potions of might
 j - 5 potions of heal wounds
 k - a potion of brilliance {unknown}
 l - 2 potions of invisibility
 m - 5 potions of haste
 n - 3 potions of resistance
 s - 4 potions of curing
 u - a potion of ambrosia {unknown}
 J - 2 potions of cancellation {unknown}
 R - 3 potions of lignification {unknown}


   Skills:
 + Level 10.5 Fighting
 - Level 5.1 Staves
 + Level 4.0 Armour
 + Level 4.5 Dodging
 - Level 3.3 Stealth
 + Level 4.4 Shields
 - Level 8.1 Spellcasting
 - Level 3.0 Conjurations
 - Level 5.5 Hexes
 - Level 3.0 Translocations
 - Level 6.4 Transmutations
 + Level 0.5 Fire Magic
 - Level 7.0 Earth Magic
 - Level 5.0 Evocations


You had 7 spell levels left.
You knew the following spells:

 Your Spells              Type           Power      Damage    Failure   Level
a - Sticky Flame          Conj/Fire      22%        2d4       36%         4
d - Petrify               Tmut/Erth      66%        N/A       4%          4
s - Stone Arrow           Conj/Erth      100%       3d13      3%          3
w - Passwall              Tmut/Erth      55%        N/A       1%          2
y - Yara's Violent Unrav  Hex/Tmut       23%        3d10      19%         5
z - Blink                 Tloc           58%        N/A       3%          2

Your spell library contained the following spells:

 Spells                   Type           Power      Damage    Failure   Level
 Sandblast                Erth           100%       2d20      1%          1
 Wereblood                Tmut           49%        N/A       1%          2
 Lesser Beckoning         Tloc           58%        N/A       3%          2
 Momentum Strike          Conj/Tloc      58%        3d9       3%          2
 Inner Flame              Hex/Fire       29%        N/A       6%          3
 Ignite Poison            Fire/Tmut/Pois 25%        N/A       9%          3
 Sublimation of Blood     Necr           11%        N/A       12%         2
 Kindle Blastsparks       Fire/Tloc/Air  36%        2d13      14%         3
 Flame Wave               Conj/Fire      22%        2d8       36%         4
 Summon Lightning Spire   Summ/Air       11%        N/A       58%         4
 Freezing Cloud           Conj/Ice/Air   8%         6-21      80%         5
 Enfeeble                 Hex            22%        N/A       100%        7
 Storm Form               Tmut/Air       15%        N/A       100%        7
 Summon Hydra             Summ           5%         N/A       100%        7
 Maxwell's Capacitive Co  Air            5%         ∞         100%        8


Dungeon Overview and Level Annotations

Branches:
Dungeon (11/15)            Temple (0/1) D:7            Lair (4/5) D:8
  Swamp (0/4) Lair:3        Snake (0/4) Lair:2          Orc (1/2) D:9
  Sewer (visited)
  Slime: Lair:4-5

Shops:
D:5 *   D:6 [

Annotations:
D:7 exclusion: oklob plant
D:9 1 runed translucent door
Lair:3 1 runed translucent door, baller8008's ghost, journeyman MiFi
Lair:4 Rupert
Orc:1 Snorg


Innate Abilities, Weirdness & Mutations

You have an increased reservoir of magic. (+10% MP)
You shall have no god before yourself.
Your divine heritage dramatically boosts your attributes as you level up.


Message History

You hit Snorg.
Snorg is heavily wounded.
The helpless Snorg fails to defend herself.
You hit Snorg.
You shatter Snorg!
Snorg is heavily wounded.
Snorg is no longer petrified.
Snorg goes berserk!
Casting: Stone Arrow (mildly dangerous; 3% risk of failure)
Confirm with . or Enter, or press ? or * to list all spells.
Aiming: Stone Arrow (mildly dangerous; 3% risk of failure)
Press: ? - help, Shift-Dir - straight line, f/p - Snorg
Aim: Snorg (heavily wounded, berserk, 78% to hit)
You feel a surge of power!
The stone arrow hits Snorg!!
Snorg is severely wounded.
Snorg misses you. Snorg claws you. Snorg barely misses you.
Casting: Stone Arrow (mildly dangerous; 3% risk of failure)
Confirm with . or Enter, or press ? or * to list all spells.
Aiming: Stone Arrow (mildly dangerous; 3% risk of failure)
Press: ? - help, Shift-Dir - straight line, f/p - Snorg
Aim: Snorg (severely wounded, berserk, 78% to hit)
You feel a surge of power!
The stone arrow hits Snorg!!
Snorg is almost dead.
You block Snorg's attack. Snorg closely misses you. Snorg claws you.
You block Snorg's attack. Snorg claws you! x2
* * * LOW HITPOINT WARNING * * *
Casting: Stone Arrow (mildly dangerous; 3% risk of failure)
Confirm with . or Enter, or press ? or * to list all spells.
Aiming: Stone Arrow (mildly dangerous; 3% risk of failure)
Press: ? - help, Shift-Dir - straight line, f/p - Snorg
Aim: Snorg (almost dead, berserk, 78% to hit)
You feel a surge of power!
The stone arrow misses Snorg.
Snorg bites you!!
* * * LOW HITPOINT WARNING * * *
Snorg claws you but does no damage. Snorg barely misses you.
Casting: Stone Arrow (mildly dangerous; 3% risk of failure)
Confirm with . or Enter, or press ? or * to list all spells.
Aiming: Stone Arrow (mildly dangerous; 3% risk of failure)
Press: ? - help, Shift-Dir - straight line, f/p - Snorg
Aim: Snorg (almost dead, berserk, 78% to hit)
You feel a surge of power!
The stone arrow misses Snorg.
Snorg barely misses you. Snorg claws you!
You die...

*,,,,,,,,>,,,,,,,,,,,,,,,
**,*,,,,,,......,,*,,,,,,
***,,,*,#....$.,,,,,,,,,
**,*##.......,,,,,,,,,
**##.......,,,,,,,,,,
#......#,,*,,,,,,,,
#.)....#,,,,,,,,,,,
##.T)..#**,*,,,,,,**
#..@.#.###*,,,,,,,*,
##.......#,,,,,*,,,*
#<.......#,*,,,*,*,
#....#..#.,,,,,,,,,
##..##*#.#,,,,,,,,,
**....#*,,.,*,*,,,,,
*,...##**,,,,,,,,,**
**.### **,,,,,,*** ##*
**,,*,**


You could see Snorg (berserk).

Vanquished Creatures
  Harold (D:8)
  The ghost of Folaraff the Cleaver, a journeyman HOFi of Gozag (D:8)
  2 two-headed ogres
  2 catoblepae
  A skeletal warrior (D:10)
  Lodul (D:10)
  A bog body (Lair:3)
  Pikel (D:9)
  4 oklob plants (Lair:1)
  An ugly thing (D:7)
  3 black mambas
  5 elephants
  5 cane toads
  3 komodo dragons
  3 rime drakes
  2 hornets
  Grinder (D:3)
  Prince Ribbit (D:9)
  9 blink frogs
  7 dream sheep
  A slime creature (D:7)
  6 wyverns
  A wraith (D:7)
  4 basilisks
  25 yaks
  A steam dragon (D:6)
  An acid dragon (D:7)
  9 water moccasins
  2 sky beasts
  7 orc warriors
  Pargi (Sewer)
  5 black bears
  13 ogres
  11 wolves (Lair:2)
  6 centaurs
  3 kobold brigands
  A lemure (D:8)
  13 bullfrogs
  A necrophage (D:6)
  5 scorpions
  2 gnoll sergeants
  5 wights (D:7)
  2 electric eels (Lair:1)
  3 howler monkeys
  6 hounds
  6 jellies
  4 gnoll boudas
  6 orc priests
  2 iguanas
  6 orc wizards
  Robin (D:3)
  9 adders
  27 gnolls
  A shadow imp (D:7)
  2 white imps (D:7)
  An ufetubus (D:7)
  A worm (D:2)
  40 orcs
  6 bats
  6 endoplasms
  3 giant cockroaches
  15 goblins
  14 hobgoblins
  8 jackals
  3 quokkas
  7 ball pythons
  5 frilled lizards
  15 kobolds
  9 rats
385 creatures vanquished.

Vanquished Creatures (others)
  37 fungi
  50 plants
  18 toadstools (D:7)
105 creatures vanquished.

Grand Total: 490 creatures vanquished

Notes
Turn   | Place    | Note
-------+----------+-------------------------------------------
     0 | D:1      | bobo the Demigod Earth Elementalist began the quest for the
                  | Orb.
     0 | D:1      | Reached XP level 1. HP: 14/14 MP: 5/5
    66 | D:1      | Reached skill level 1 in Transmutations
   152 | D:1      | Reached XP level 2. HP: 5/22 MP: 0/7
   440 | D:1      | Reached skill level 1 in Fighting
   620 | D:1      | Learned a level 2 spell: Passwall
   934 | D:1      | Reached XP level 3. HP: 15/28 MP: 2/8
   939 | D:1      | Learned a level 3 spell: Stone Arrow
  1174 | D:2      | You fall into a shaft and drop 2 floors!
  1285 | D:4      | Noticed a black bear
  1314 | D:4      | Found a glowing drain.
  1323 | Sewer    | Entered a sewer
  1378 | Sewer    | Noticed Pargi
  1415 | Sewer    | Reached skill level 1 in Staves
  1475 | Sewer    | Killed Pargi
  1476 | Sewer    | Reached skill level 1 in Conjurations
  1476 | Sewer    | Reached XP level 4. HP: 36/36 MP: 4/10
  1535 | D:3      | Reached skill level 2 in Fighting
  1535 | D:3      | Reached XP level 5. HP: 29/41 MP: 8/12
  1678 | D:3      | Noticed Grinder
  1712 | D:3      | Killed Grinder
  1713 | D:3      | Reached XP level 6. HP: 50/50 MP: 2/13
  1821 | D:3      | Learned a level 4 spell: Petrify
  1860 | D:3      | Noticed Robin
  1877 | D:3      | Killed Robin
  3521 | D:4      | Reached skill level 3 in Fighting
  3583 | D:4      | Reached XP level 7. HP: 57/57 MP: 6/15
  4843 | D:5      | Entered Level 5 of the Dungeon
  5221 | D:5      | Found Paybizua's Assorted Antiques.
  5232 | D:5      | Bought a scroll of identify for 44 gold pieces
  5268 | D:5      | Learned a level 2 spell: Blink
  5553 | D:6      | Reached skill level 1 in Evocations
  5666 | D:6      | Reached XP level 8. HP: 56/66 MP: 5/17
  5757 | D:6      | Reached skill level 1 in Translocations
  5757 | D:6      | Reached skill level 5 in Earth Magic
  5807 | D:6      | Reached skill level 4 in Fighting
  6666 | D:6      | Found Eboudad's Antique Armour Emporium.
  6675 | D:6      | Bought a pair of embroidered gloves for 240 gold pieces
  7767 | D:7      | Noticed a hornet
  7779 | D:7      | Killed a hornet
  7780 | D:7      | Reached XP level 9. HP: 63/73 MP: 5/20
  7943 | D:7      | Reached skill level 5 in Spellcasting
  8043 | D:7      | Reached skill level 5 in Fighting
  8105 | D:7      | Reached skill level 5 in Staves
  8543 | D:7      | Noticed a red ugly thing
  8557 | D:7      | Killed a red ugly thing
  8647 | D:7      | Noticed a two-headed ogre
  8656 | D:7      | Killed a two-headed ogre
  8857 | D:7      | Reached XP level 10. HP: 83/83 MP: 13/22
  9401 | D:7      | Noticed an oklob plant
  9507 | D:7      | Reached skill level 6 in Fighting
  9609 | D:7      | Reached skill level 5 in Evocations
  9715 | D:7      | Reached skill level 1 in Armour
  9816 | D:7      | Found a staircase to the Ecumenical Temple.
 10263 | D:6      | Bought a glowing cloak for 240 gold pieces
 11006 | D:8      | Found a staircase to the Lair.
 11641 | D:9      | Found a runed translucent door.
 11641 | D:9      | Noticed a cyclops
 11892 | D:9      | Noticed a centaur warrior
 12272 | D:9      | Found a staircase to the Orcish Mines.
 12274 | D:9      | Noticed Harold
 12275 | D:9      | Noticed Pikel
 12330 | Lair:1   | Entered Level 1 of the Lair of Beasts
 12446 | Lair:1   | Reached skill level 7 in Fighting
 12586 | Lair:1   | Noticed a black mamba
 12590 | Lair:1   | Killed a black mamba
 12605 | Lair:1   | Noticed a catoblepas
 12722 | Lair:1   | Killed a catoblepas
 12723 | Lair:1   | Reached XP level 11. HP: 70/92 MP: 1/25
 13058 | Lair:1   | Identified a scroll of acquirement
 13063 | Lair:1   | Acquired a book of Misfortune
 13071 | Lair:1   | Learned a level 5 spell: Yara's Violent Unravelling
 13074 | Lair:1   | Found a runed translucent door.
 13079 | Lair:1   | Noticed Folaraff's ghost (journeyman HOFi)
 13185 | Lair:1   | Reached skill level 1 in Hexes
 13815 | Lair:2   | Noticed a catoblepas
 14195 | Lair:2   | Reached skill level 8 in Fighting
 14693 | Lair:2   | Found a staircase to the Snake Pit.
 15058 | Lair:2   | Killed a catoblepas
 15201 | Lair:2   | Reached skill level 5 in Transmutations
 15776 | Lair:2   | Identified the +0 ring mail of the Abyss {rPois rC- Will+
                  | Dex+4}
 16459 | Lair:3   | Noticed a bog body
 16459 | Lair:3   | Found a staircase to the Swamp.
 16568 | Lair:3   | Reached XP level 12. HP: 93/103 MP: 18/28
 16811 | Lair:3   | Reached skill level 9 in Fighting
 16839 | Lair:3   | Reached skill level 5 in Hexes
 17256 | Lair:3   | Found a runed translucent door.
 17257 | Lair:3   | Noticed baller8008's ghost (journeyman MiFi)
 17828 | Lair:1   | Identified the ring "Edeostod" {Fly MP+9 Str+3}
 18712 | Lair:4   | Reached skill level 1 in Shields
 19215 | Lair:4   | Noticed Rupert
 19222 | Lair:4   | Noticed a boulder beetle
 19242 | Lair:4   | Reached skill level 10 in Fighting
 19321 | D:8      | Killed Folaraff's ghost
 19631 | D:9      | Noticed Prince Ribbit
 19647 | D:9      | Killed Prince Ribbit
 19720 | D:9      | Killed Pikel
 19749 | D:8      | Killed Harold
 20119 | D:10     | Entered Level 10 of the Dungeon
 20137 | D:10     | Noticed Lodul
 20492 | D:10     | Killed Lodul
 21288 | D:10     | Learned a level 4 spell: Sticky Flame
 21719 | Orc:1    | Entered Level 1 of the Orcish Mines
 21724 | Orc:1    | Noticed Snorg
 21743 | Orc:1    | Slain by Snorg

Illustrated notes

Levels and vault maps discovered:
D:1:      minmay_arrival_glassed_features, layout_loops_cross,
          minmay_nonomino_d4
D:2:      layout_rooms, dk_vineyard_3, chequers_serial_rivers_large_a,
          patterned_corridor
D:3:      layout_basic, serial_bayou_pond_a, st_stairs_12, uniq_grinder,
          uniq_robin
D:4:      layout_layer_cave, chequers_temple_overflow_statue_of_worship,
          trog_butcher_becter, cheibrodos_sewer_entry_sluice
D:5:      layout_rooms, serial_shops, nicolae_shop_overgrown_old_shop
D:6:      layout_basic, nicolae_tso_carved_into_rock,
          nicolae_uskayaw_dance_hall, serial_shops, nicolae_lakefront_shop
D:7:      nzn_winding_woodlands_stair_cross [nzn_winding_woodlands_5x15_cabin,
          nzn_winding_woodlands_center_pierced_h,
          nzn_winding_woodlands_5x15_split_checker,
          nzn_winding_woodlands_5x5_closed_star,
          nzn_winding_woodlands_5x5_checkerboard,
          nzn_winding_woodlands_5x15_jagged,
          nzn_winding_woodlands_center_triple_pond,
          nzn_winding_woodlands_5x15_pathside_ponds], layout_cave_pools,
          tgw_fedhas, minmay_temple_entry_stoned_glass
D:8:      layout_loops_ring, lemuel_round_altar,
          mainiacjoe_overflow_small_starburst, serial_rivers,
          chequers_serial_rivers_micro_c, chequers_serial_rivers_micro_c,
          chequers_serial_rivers_large_b, chequers_serial_rivers_micro_b,
          chequers_serial_rivers_micro_e, chequers_serial_rivers_micro_d
D:9:      layout_gridville, minmay_orc_entry_temple_small, minmay_st_funbox,
          uniq_pikel, uniq_harold, uniq_prince_ribbit1
D:10:     layout_long_grid, uniq_lodul
D:11:     layout_long_grid
Lair:1:   minmay_lair_oklob_tunnel, layout_hall_layers,
          ebering_ghost_inner_flame, serial_bayou, serial_bayou_pond_a,
          serial_bayou_lagoon_b, serial_bayou_shore_a, serial_bayou_pond_e,
          serial_bayou_pond_b, chequers_serial_rivers_micro_a,
          columned_hall_lemuel, infiniplex_staircase_pool
Lair:2:   layout_concentric_octagons, guppyfry_snake_entry_garden
Lair:3:   layout_cave_pods, skrybe_swamp_entry_bodies, ebering_ghost_xom
Lair:4:   layout_cave_pods, minmay_slime_entry_oklob_enclosed, basic_altar,
          uniq_rupert
Orc:1:    layout_caves, portal_ice_cave_entry_imps, uniq_snorg

Skill      XL: |  1  2  3  4  5  6  7  8  9 10 11 12 |
---------------+-------------------------------------+-----
Transmutations | 1 2 3 5 6 |  6.4
Spellcasting   | 2 3 4 5 7 8 |  8.1
Earth Magic    | 3 4 5 6 7 |  7.0
Fighting       | 1 2 3 4 5 7 8 10 | 10.5
Staves         | 1 2 3 4 5 |  5.1
Conjurations   | 1 2 3 |  3.0
Evocations     | 1 3 4 5 |  5.0
Translocations | 2 3 |  3.0
Dodging        | 4 |  4.5
Armour         | 3 4 |  4.0
Hexes          | 4 5 |  5.5
Stealth        | 3 |  3.3
Shields        | 4 |  4.4
Fire Magic     | |  0.5

Action                     |  1- 3 |  4- 6 |  7- 9 | 10-12 || total
---------------------------+-------+-------+-------+-------++-------
  Melee: Short sword       |    13 |       |       |       ||    13
         Flail             |     8 |       |       |       ||     8
         Staff             |     3 |    34 |   108 |   239 ||   384
         Punch             |       |       |     1 |     6 ||     7
   Cast: Sandblast         |    61 |    44 |     6 |     1 ||   112
         Stone Arrow       |     1 |    15 |   126 |   407 ||   549
         Passwall          |       |     1 |     4 |     3 ||     8
         Blink             |       |       |     4 |     9 ||    13
         Petrify           |       |       |       |    29 ||    29
         Yara's Violent Un |       |       |       |     6 ||     6
  Evoke: Wand              |       |       |    11 |    26 ||    37
    Use: Scroll            |     7 |     4 |     5 |    17 ||    33
         Potion            |       |       |       |     2 ||     2
   Stab: Sleeping          |       |       |     3 |     1 ||     4
         Petrified         |       |       |       |    40 ||    40
         Petrifying        |       |       |       |     1 ||     1
 Armour: Robe              |     6 |    11 |       |       ||    17
         Leather armour    |       |    26 |    28 |       ||    54
         Steam dragon scal |       |       |    27 |     2 ||    29
         Acid dragon scale |       |       |       |   194 ||   194
  Dodge: Dodged            |    27 |    48 |    82 |   259 ||   416
  Block: Buckler           |       |       |       |    34 ||    34

Table legend: (Time is in decaauts)
 A = Elapsed time spent in this place.
 B = Non-inter-level travel time spent in this place.
 C = Inter-level travel time spent in this place.
 D = Time resting spent in this place.
 E = Time spent auto-exploring this place.
 F = Levels seen in this place.
 G = Mean time per level.
                   A        B        C        D        E       F      G
               +--------+--------+--------+--------+--------+-----+--------+
         Total |  21943 |  20598 |   1345 |   5508 |  10809 |  17 | 1290.8 |
       Dungeon |  14901 |  13960 |    941 |   3447 |   7751 |  11 | 1354.6 |
          Lair |   6791 |   6387 |    404 |   1986 |   3058 |   4 | 1697.8 |
  Orcish Mines |     23 |     23 |      0 |      0 |      0 |   1 |   23.0 |
         Sewer |    226 |    226 |      0 |     75 |      0 |   1 |  226.0 |
               +--------+--------+--------+--------+--------+-----+--------+

Top non-repeatable levels by time:
  Lair:2: 2369 daAuts
     D:6: 2343 daAuts
     D:7: 2231 daAuts
  Lair:1: 2105 daAuts
     D:4: 2007 daAuts
     D:8: 1739 daAuts
  Lair:3: 1662 daAuts
     D:9: 1627 daAuts
    D:10: 1271 daAuts
     D:1: 1033 daAuts
     D:3: 1004 daAuts
     D:2: 934 daAuts
  Lair:4: 654 daAuts
     D:5: 636 daAuts
   Sewer: 226 daAuts
